[Event "*** Titled Tuesday Blitz"]
[Site "Chess.com"]
[Date "2020.12.01"]
[Round "11"]
[White "djano"]
[Black "LionTheLeon_06"]
[Result "1/2-1/2"]
[WhiteElo "2464"]
[BlackElo "2610"]
[TimeControl "180+1"]
[EndTime "12:07:25 PST"]
[Termination "Game drawn by repetition"]

1. e4 c5 2. Nc3 d6 3. Nf3 Nf6 4. d4 cxd4 5. Nxd4 a6 6. Nb3 Nc6 7. Rg1 h5 8. Bg5 e5 9. Qd2 Be6 10. O-O-O Be7 11. h4 b5 12. f3 Qb6 13. Be2 Rd8 14.
Nd5 Bxd5 15. exd5 Nb8 16. Kb1 Rc8 17. Be3 Qc7 18. Rc1 Qb7 19. c4 bxc4 20. Bxc4 O-O 21. g4 hxg4 22. h5 Nxh5 23. fxg4 Nf4 24. Bxf4 exf4 25. Qxf4 Bf6 26. Rh1 Be5 27. Qf1 Rfe8 28.
Qh3 g6 29. Qh7+ Kf8 30. Qh6+ Bg7 31. Qh2 Be5 32. Qh6+ Bg7 33. Qh2 a5 34. Nxa5 Qb4 35.
Nc6 Nxc6 36. dxc6 Rxc6 37. Bb3 Rxc1+ 38. Rxc1 Qxg4 39. Qxd6+ Kg8 40. Rf1 Qe4+ 41. Ka1 Rf8 42. Qd5 Qxd5 43. Bxd5 Bd4 44. a4 Kg7 45. a5 f5 46. a6 Rd8 47. Bb7 Ba7 48. Ka2 Kf6 49. b4 g5 50. b5 g4 51. Rb1 Bb6 52. Rc1 Rd6 53. Rc6 Ke5 54. Rxb6 Rxb6 55. a7 Rxb7 56.
a8=Q Rg7 57. Qb8+ Kf6 58. Qd6+ Kg5 59. Qd8+ Kh5 60. b6 g3 61. Qh8+ Kg6 62. Qe8+ Kh6 63. Qh8+ Kg6 64. Qe8+ Kh6 65. Qe6+ Rg6 66. Qxf5 g2 67. Qh3+ Kg7 68. Qd7+ Kh6 69. Qh3+ Kg7 70. Qc3+ Kh7 71. Qh3+ Kg7 1/2-1/2

[Event "*** Titled Tuesday Blitz"]
[Site "Chess.com"]
[Date "2020.12.01"]
[Round "11"]
[White "ybruned"]
[Black "onetowin"]
[Result "1/2-1/2"]
[WhiteElo "2247"]
[BlackElo "2020"]
[TimeControl "180+1"]
[EndTime "12:07:33 PST"]
[Termination "Game drawn by repetition"]

1. e4 c5 2. Nf3 e6 3. d4 cxd4 4. Nxd4 Nc6 5. Nb5 d6 6. Bf4 e5 7.
Be3 Be7 8. N5c3 h6 9. Nd2 Nf6 10. Nc4 Be6 11. Nd5 Nxe4 12. Be2 Bxd5 13. Qxd5 Nf6 14.
Qb5 Qc7 15. c3 a6 16. Qb6 Qxb6 17. Nxb6 Rd8 18. c4 d5 19. cxd5 Nxd5 20. Nxd5 Rxd5 21. O-O O-O 22. Bf3 Rd7 23. Rac1 Nd4 24. Bxd4 exd4 25. Rfd1 Rfd8 26. Rd3 Bf6 27. g3 Kf8 28. Rc4 Ke7 29. a4 Be5 30. Rb4 Rb8 31. Kg2 f5 32. g4 g6 33. h3 Ke6 34. Rb6+ Kf7 35. Rdb3 d3 36. Rxb7 Rbxb7 37. Rxb7 Rxb7 38. Bxb7 Bxb2 39. Bxa6 d2 40. Be2 Ke6 41. Kf3 fxg4+ 42. hxg4 h5 43. gxh5 gxh5 44.
Ke3 Bc3 45. Bxh5 Ke5 46. f4+ Kf6 47. Be2 Ba5 48. Kd3 Ke6 49. Ke4 Bb4 50. Bd1 Ba5 51.
Bb3+ Kd6 52. Kf5 Ke7 53. Kg6 Kf8 54. f5 Bb4 55. f6 Ba5 56. Kf5 Bb4 57. Ke6 Ba5 58.
Kd7 Bb4 59. Kc6 d1=Q 60. Bxd1 Kf7 61. Bb3+ Kxf6 62. Kb5 Be1 63. Kc4 Ke5 64. Bd1 Kd6 65.
Kb5 Kc7 66. Be2 Kb8 67. Bf1 Ka7 68. Bg2 Bd2 69. Bc6 Be1 70. Bd5 Bd2 71. Bc6 Be1 72. Be8 Bd2 73. Kc4 Be1 74. Kd3 Ba5 75. Kc4 Be1 76.
Kd3 Ba5 77. Ke2 Bb4 78. Bb5 Ba5 79. Kd3 Bb4 80. Kc2 Ba5 81. Kb3 Be1 82. Kc4 Ba5 83. Bc6 Be1 84. Kb5 Bd2 85. Be4 Be1 86. a5 Bd2 87. a6 Be1 88. Bb7 Bf2 89. Kc4 Bg1 90. Kd5 Bf2 91. Kc6 Bg1 92. Kd5 Bf2 93. Ke4 Bg1 94. Kf3 Bb6 95. Ke2 Bc5 96. Kd3 Bb6 97.
Bc8 Bg1 98. Bb7 Bb6 99. Ke2 Bc5 100. Kd3 Bb6 1/2-1/2

[Event "*** Titled Tuesday Blitz"]
[Site "Chess.com"]
[Date "2020.12.01"]
[Round "11"]
[White "Gloomy_Wanderer"]
[Black "kirillshevchenko"]
[Result "0-1"]
[WhiteElo "2717"]
[BlackElo "2866"]
[TimeControl "180+1"]
[EndTime "12:07:34 PST"]
[Termination "kirillshevchenko won on time"]

1. Nf3 Nf6 2. c4 g6 3. Nc3 Bg7 4. e4 d6 5. d4 O-O 6. h3 e5 7. d5 Nh5 8. Nh2 Qe8 9. Be2 Nf4 10.
Bf3 f5 11. g3 Nxh3 12. Bg2 Qf7 13. Qf3 fxe4 14. Nxe4 Na6 15. Qxf7+ Rxf7 16. Bxh3 Bxh3 17.
Ng5 Nb4 18. Nxh3 Nc2+ 19. Kd1 Nxa1 20. Be3 c6 21. Kd2 b5 22. Ng5 Rc7 23. Ne6 Rcc8 24. Nxg7 Kxg7 25. Rxa1 bxc4 26. dxc6 Rxc6 27. Nf3 Rf8 28.
Ng5 d5 29. f4 d4 30. Bg1 Rb8 31. Kc2 c3 32. b3 Rd8 33. Kd3 exf4 34. gxf4 c2 35.
Rc1 Rc3+ 36. Kd2 Rc6 37. Rxc2 Rxc2+ 38. Kxc2 d3+ 39. Kd2 Rd7 40. b4 Kf6 41. b5 Kf5 42. Be3 h5 43. a4 h4 44. a5 Kg4 45. Ne4 Kf3 46. Ng5+ Kg2 47. b6 axb6 48. Bxb6 Rd6 49. Bc5 Rd5 50. Bb6 Rd6 51. Bc5 Rc6 52. Bd4 h3 53. Nxh3 Kxh3 54. Kxd3 Kg4 55. Ke4 Rc4 56. a6 Ra4 57. a7 Kg3 58. Ke5 Ra6 59. Ke4 Ra5 60.
Be3 Ra4+ 61. Bd4 Kg4 62. Ke5 Ra6 63. Ke4 Ra5 64. Be3 Kh4 65. Bd4 Kh5 66. Be3 Ra4+ 67. Bd4 Kh6 68. Ke3 Kh7 69. Ke4 Ra5 70. Ke3 Kg8 71.
Ke4 Kf7 72. Be3 Ke6 73. Bf2 Ra4+ 74. Kf3 Kf5 75. Be3 Ra3 76. Kf2 Ke4 0-1

[Event "*** Titled Tuesday Blitz"]
[Site "Chess.com"]
[Date "2020.12.01"]
[Round "11"]
[White "Nadtkins"]
[Black "Legendinunknown"]
[Result "1/2-1/2"]
[WhiteElo "2530"]
[BlackElo "2669"]
[TimeControl "180+1"]
[EndTime "12:07:38 PST"]
[Termination "Game drawn by repetition"]

1. Nf3 Nf6 2. g3 g6 3. b3 Bg7 4. Bb2 O-O 5. Bg2 d6 6. d4 Nbd7 7. c4 c5 8. d5 a6 9. O-O b5 10. Nbd2 Nb6 11. Re1 Rb8 12. Rb1 bxc4 13. bxc4 e6 14.
e4 exd5 15. cxd5 Nbd7 16. Nc4 Nb6 17. Na5 Bd7 18. Nc6 Bxc6 19. dxc6 Nc4 20. Bxf6 Bxf6 21. Qd5 Ne5 22. Nxe5 Bxe5 23. Rb7 Rxb7 24. cxb7 Qc7 25. h3 Rb8 26. Rb1 c4 27. Bf1 c3 28. Qb3 c2 29.
Rc1 Rxb7 30. Qxc2 Qb6 31. Kg2 Qd4 32. Qd3 Qxd3 33. Bxd3 Rb2 34. Rc2 Rb6 35. Bc4 Kg7 36. f4 Bd4 37. Bd5 Rb2 38. Rxb2 Bxb2 39. h4 f5 40. Kf3 Kf6 41. g4 fxe4+ 42. Kxe4 h6 43.
g5+ Kg7 44. f5 gxf5+ 45. Kxf5 hxg5 46. hxg5 Bc1 47. g6 Bd2 48. a4 a5 49. Bf7 Bc3 50.
Ke6 Be5 51. Kf5 Kf8 52. Ke6 Bf4 53. Kf5 Bg3 54. Ke6 Kg7 55. Kf5 Bh2 56. Ke6 Bg3 57. Kf5 Be1 58. Ke6 Bb4 59. Kf5 Bc3 60. Bd5 Be5 61. Bf7 Kh6 62. Bd5 Bg7 63. Bf7 Kh5 64. Ke6 Kh6 65. Kxd6 Bc3 66. Kc6 Kg7 67. Kd5 Bb4 68. Ke6 Kf8 69. Kf5 Kg7 70. Bc4 Kf8 71. Bd3 Kg7 72. Ke6 Kf8 73. Kf6 Bc3+ 74. Kf5 Bb4 75.
Ke6 Bc3 76. Kd5 Bb4 77. Kc4 Kg7 78. Kb5 Kf8 79. Kc4 Kg7 80. Kd5 Kf8 81. Ke6 Kg7 82. Kf5 Kf8 83. Kf6 Bc3+ 84. Ke6 Bb4 85. Bc2 Bc3 86. Kf5 Kg7 87. Kg5 Bb4 88. Kf5 Bc3 89.
Ke6 Bb4 90. Kd5 Bc3 91. Kc4 Bb4 92. Kb5 Be1 93. Kc4 Bb4 94. Kd5 Be1 95. Ke6 Bb4 96. Kd7 Be1 97. Kc6 Bb4 98. Kb5 Be1 99.
Ka6 Bb4 100. Kb7 Be1 101. Ka7 Bb4 102. Ka8 Be1 103. Kb7 Bb4 104. Kc8 Be1 105. Kd7 Bb4 106. Ke6 Be1 107. Kd5 Bb4 108. Kc4 Be1 109. Be4 Bb4 110. Kd3 Be1 111. Ke2 Bb4 112. Kd3 Bf8 113. Kc4 Bb4 114. Kd3 1/2-1/2

[Event "*** Titled Tuesday Blitz"]
[Site "Chess.com"]
[Date "2020.12.01"]
[Round "11"]
[White "anasta10"]
[Black "Beltraxtor"]
[Result "0-1"]
[WhiteElo "2448"]
[BlackElo "2579"]
[TimeControl "180+1"]
[EndTime "12:07:46 PST"]
[Termination "Beltraxtor won by resignation"]

1. d4 d5 2. c4 c6 3. cxd5 cxd5 4.
Nc3 Nf6 5. Bf4 Nc6 6. e3 Bf5 7. Qb3 Na5 8. Qa4+ Bd7 9. Qc2 e6 10. Nf3 Rc8 11. Ne5 Bb4 12. Bd3 O-O 13. O-O h6 14. Rac1 Nc4 15. Qe2 Nxe5 16. Bxe5 Qe7 17. h3 a6 18. Rc2 Bxc3 19. bxc3 b5 20. a4 bxa4 21. Bxa6 Ra8 22. Ra1 Ne4 23. f3 Nd6 24. Bd3 Rfc8 25. Qe1 Nc4 26. Bxc4 Rxc4 27. Qg3 f6 28.
Bf4 Rac8 29. Bxh6 Rxc3 30. Rxc3 Rxc3 31. Bf4 Kf7 32. Bd6 Qd8 33. Ra3 Qa5 34. Rxc3 Qxc3 35. Bc5 Qxe3+ 36. Kh1 g5 37. Qd6 Qc1+ 38. Kh2 Qf4+ 39.
Qxf4 gxf4 40. Kg1 e5 41. Kf2 exd4 42. Bxd4 a3 43. g3 fxg3+ 44. Kxg3 a2 45. h4 Kg6 46. Kf4 Bh3 47. Bc3 Bf1 48. Bd4 Bc4 49. Bc3 Bd3 50.
Bd4 Bc2 51. Bc3 Kf7 52. Bd4 Ke6 53. h5 Kf7 54. Bc3 Ba4 55. Bd4 Bd7 56. Bc3 Bh3 57. Bd4 Bc8 58. Bc3 Kg7 59. Bd4 Kf7 60. Bc3 Be6 61. Bd4 Bd7 62. Bc3 Be8 63. Bd4 Kg7 64.
h6+ Kg6 65. Bc3 Bf7 66. Bd4 f5 67. Ke5 Kxh6 68. Kf6 Bg6 69. Ke5 f4 70. Kxd5 Kg5 71. Ke5 Bh5 72. Bc3 Bxf3 73. Bb2 Kg4 74. Kd4 Bb7 75. Kc3 Kf3 76. Kd2 Kg2 77. Kc1 f3 0-1

[Event "*** Titled Tuesday Blitz"]
[Site "Chess.com"]
[Date "2020.12.01"]
[Round "11"]
[White "NMZanette"]
[Black "ural58"]
[Result "0-1"]
[WhiteElo "2259"]
[BlackElo "2425"]
[TimeControl "180+1"]
[EndTime "12:08:12 PST"]
[Termination "ural58 won by resignation"]

1. e4 d5 2. exd5 Qxd5 3. Nc3 Qa5 4. d4 Nf6 5. Nf3 Nc6 6. Bc4 Bg4 7. h3 Qh5 8. Bb5 Bxf3 9. Qxf3 Qxf3 10. gxf3 O-O-O 11. Bxc6 bxc6 12. Be3 g6 13. O-O-O Bg7 14. Ne4 h6 15. Nc5 Nd5 16. c3 e5 17. dxe5 Bxe5 18. Bd4 Rhe8 19. Rhe1 Bxd4 20. Rxe8 Rxe8 21. Rxd4 Re2 22. Re4 Rxe4 23.
fxe4 Nf4 24. Kd2 Nxh3 25. Ke3 Ng5 26. f4 Ne6 27. Nd3 Kd7 28. Ne5+ Ke8 29. Nxc6 a6 30.
b4 h5 31. Kf3 h4 32. Kg4 h3 33.
Kxh3 Nxf4+ 34. Kg4 Ne2 35. c4 Nc3 36. Nb8 Nxe4 37. Nxa6 Kd7 38. Kf4 Nd2 39. c5 f5 40.
Nb8+ Ke6 41. Nc6 Kf6 42. Nd4 g5+ 43. Kg3 Ne4+ 44. Kg2 Nc3 45. a4 Nxa4 46. Nb5 Ke5 47. Nxc7 f4 48. Nb5 g4 49. c6 Nb6 50. Nc3 Kd4 51. Ne2+ Ke3 52. Ng1 Kd3 53. Kf2 Ke4 54. Ne2 Nd5 55. b5 f3 56. Ng3+ Kf4 57. Nh5+ Kg5 58.
Ng3 Kh4 59. Ne4 Kh3 60. b6 Nxb6 61. Ng5+ Kh4 62. Ne4 Nd5 63. Ng3 Kg5 64. Ne4+ Kf4 65. Ng3 Nc7 66. Nh5+ Kg5 67. Ng3 Ne6 68. Ne4+ Kh4 69. Ng3 Kh3 70. Nf5 Kh2 71. Ng3 Nc5 72.
Nf5 Nd3+ 73. Ke3 Ne5 74. c7 Nc4+ 75. Kf2 Nb6 76. Ng3 Kh3 77. Ne4 Kh4 78. Ng3 Nc8 79.
Ne4 Kh3 80. Ng3 Nd6 81. Nf5 Nc8 82. Ng3 Kh2 83. Nf5 Na7 84. Nd6 g3+ 85. Kxf3 g2 86.
Ne4 g1=Q 87. Nf2 Qg2+ 88. Ke2 Qc6 0-1

[Event "*** Titled Tuesday Blitz"]
[Site "Chess.com"]
[Date "2020.12.01"]
[Round "11"]
[White "nubair1198"]
[Black "MarcoRiehle"]
[Result "0-1"]
[WhiteElo "2828"]
[BlackElo "2710"]
[TimeControl "180+1"]
[EndTime "12:08:15 PST"]
[Termination "MarcoRiehle won by resignation"]

1. d4 d5 2. c4 e6 3. Nc3 c5 4.
Nf3 cxd4 5. Nxd4 e5 6. Ndb5 a6 7. Qxd5 axb5 8. Qxe5+ Be6 9. Qxb5+ Nc6 10. Qxb7 Nd4 11.
Qe4 Nf6 12. Qb1 Bb4 13. e3 Bf5 14. Bd3 Bxd3 15. Qxd3 Nb3 16. Qxd8+ Kxd8 17. Rb1 Nxc1 18. Rxc1 Rxa2 19. O-O Rxb2 20. Nb5 Ke7 21. Ra1 Rd8 22. Nd4 Kf8 23. Rfb1 Bc3 24. Nb5 Rxb5 25. cxb5 Bxa1 26. Rxa1 Rb8 27. Rb1 Nd5 28. Rb3 Rb6 29. g4 Ke7 30. Kg2 Nc7 31. Rc3 Ne6 32. Rb3 Kd6 33.
h4 Kc5 34. Rc3+ Kxb5 35. Rc8 Rb7 36. Kf3 Rc7 37. Rh8 h6 38. Rg8 Kc6 39. Ke4 Kd6 40. f4 Rc4+ 41. Kd3 Ra4 42. Ke2 g6 43. Rh8 h5 44. gxh5 gxh5 45. Rxh5 Rxf4 46. Rh7 Rf6 47. Kd3 Ke5 48. Rh5+ Rf5 49. Rh8 Nc5+ 50. Ke2 Ne4 51. Re8+ Kd5 52. Rd8+ Ke5 53. Re8+ Kd5 54. Rd8+ Kc6 55.
Rd4 Nf6 56. Ra4 Kd6 57. Ra6+ Ke7 58. Ra8 Rh5 59. Ra7+ Kf8 60. Ra4 Kg7 61. Kf3 Rf5+ 62. Kg3 Re5 63. Kf3 Re6 64. e4 Kg6 65. Kf4 Nh5+ 66.
Kg4 Rf6 67. e5 Re6 68. Ra5 Ng7 69. Kf4 Rb6 70. Ra4 Rb1 71. Ke4 Rg1 72. Kd5 Ne6 73.
Kd6 Rb1 74. Ra6 Rb7 75. Ra8 Rb6+ 76. Ke7 Rb7+ 77. Kd6 Rb4 78. Rg8+ Kf5 79. h5 Rb6+ 80. Ke7 Kxe5 81. h6 Rb7+ 82. Ke8 f5 83. Rg1 Kf6 84.
Rg6+ Kxg6 85. h7 Rb8+ 86. Ke7 Kxh7 87. Kxe6 f4 88. Kf5 f3 89. Kg4 f2 90. Kg3 f1=Q 91. Kh2 Qf7 0-1

[Event "*** Titled Tuesday Blitz"]
[Site "Chess.com"]
[Date "2020.12.01"]
[Round "11"]
[White "Cambek64"]
[Black "ApacheSVD"]
[Result "1/2-1/2"]
[WhiteElo "2295"]
[BlackElo "2415"]
[TimeControl "180+1"]
[EndTime "12:08:17 PST"]
[Termination "Game drawn - insufficient material"]

1. e4 c5 2. Nc3 a6 3. Nf3 b5 4.
d4 cxd4 5. Nxd4 Bb7 6. Bd3 e6 7. a3 Nc6 8. Be3 Qc7 9. O-O Nf6 10. h3 Nxd4 11. Bxd4 Bc5 12. Be2 Bxd4 13. Qxd4 Rc8 14. Bd3 Qc5 15. Qxc5 Rxc5 16. f4 d5 17. e5 Nd7 18.
Ne2 Ke7 19. Nd4 Rhc8 20. c3 Nb6 21. Rae1 Nc4 22. Re2 Nxa3 23. bxa3 Rxc3 24. Rf3 Rxa3 25. f5 Rcc3 26. Ree3 b4 27. f6+ gxf6 28. exf6+ Kd6 29. Nxe6 Rxd3 30. Rxd3 Rxd3 31. Rxd3 Kxe6 32. Rd1 Kxf6 33. Rb1 a5 34. Ra1 Ke5 35. Rxa5 Bc6 36. Ra6 Kd6 37. Rb6 Kc5 38. Rb8 Bd7 39. Kf2 Kc4 40. Ke3 d4+ 41. Kd2 Bf5 42. h4 Kb3 43. Rd8 Ka3 44. Rxd4 b3 45. Kc3 b2 46. Rd8 b1=N+ 47. Kd4 h5 48. Ke5 Bg6 49. Kf4 Nc3 50. g4 hxg4 51.
Kxg4 Ne4 52. Ra8+ Kb4 53. Ra6 Nf2+ 54. Kg5 Nh3+ 55. Kh6 Nf4 56. Rf6 Nd5 57. Rf2 Kc5 58. h5 Bxh5 59. Kxh5 Kd6 60. Rxf7 Ke6 61. Ra7 Kd6 62.
Kg5 Kc6 63. Kf5 Kb6 64. Rg7 Kc6 65. Ke5 Nb6 66. Rg6+ Kc5 67. Rg1 Nc4+ 68. Ke4 Nd2+ 69. Kd3 Nf3 70. Rg3 Ne5+ 71. Ke4 Nc4 72. Rg5+ Kc6 73.
Kd4 Nd6 74. Rg6 Kd7 75. Kd5 Nc8 76. Rg7+ Ne7+ 77. Ke5 Kd8 78. Ke6 Nc8 79. Rd7+ Ke8 80. Rh7 Kd8 81. Rg7 Nb6 82. Kd6 Nc8+ 83. Ke6 Nb6 84. Rb7 Nc8 85. Rf7 Nb6 86. Rb7 Nc8 87. Kd5 Ne7+ 88. Kd6 Nc8+ 89. Ke6 Ke8 90. Rb8 Kd8 91.
Rxc8+ Kxc8 1/2-1/2

[Event "*** Titled Tuesday Blitz"]
[Site "Chess.com"]
[Date "2020.12.01"]
[Round "11"]
[White "Stormeman100100"]
[Black "chessmachine14"]
[Result "1-0"]
[WhiteElo "2466"]
[BlackElo "2243"]
[TimeControl "180+1"]
[EndTime "12:08:33 PST"]
[Termination "Stormeman100100 won on time"]

1. d4 Nf6 2. c4 g6 3. Nc3 Bg7 4. e4 O-O 5. h3 d6 6. Be3 a6 7. g4 Nc6 8. Nge2 e5 9. d5 Ne7 10.
Ng3 Rb8 11. a4 Nd7 12. h4 h6 13. h5 g5 14. a5 Nf6 15. f3 c5 16. Nf5 Nxf5 17. exf5 e4 18. fxe4 Re8 19. Bd3 b5 20.
axb6 Qxb6 21. Ra2 Nd7 22. O-O Be5 23. Qd2 Qd8 24. Nd1 Qf6 25. Nf2 Bxb2 26. Bc2 Bc3 27.
Qe2 a5 28. Ba4 Re7 29. Bxd7 Rxd7 30. Bd2 Bd4 31. Bxa5 Qe5 32. Kg2 Rdb7 33. Nd3 Qf6 34. Bd2 Rb3 35. Rf3 Rb1 36. Be3 Bc3 37. e5 Bxe5 38.
Nxe5 Qxe5 39. Rd2 R8b2 40. Rf2 Qe4+ 41. Qf3 Qxf3+ 42. Kxf3 Rxd2 43. Bxd2 Rb3+ 44. Kg2 f6 45. Re2 Kf7 46. Be1 Ba6 47. Rc2 Ra3 48. Kf2 Ra4 49.
Ke3 Bxc4 50. Bg3 Bxd5 51. Bxd6 Rxg4 52. Rxc5 Bh1 53. Rc7+ Ke8 54. Re7+ Kd8 55. Rf7 Re4+ 56. Kd3 Re1 57. Bb4 Re8 58. Rxf6 Be4+ 59. Kd4 Bb1 60.
Rd6+ Kc7 61. f6 Re4+ 62. Kc3 Rf4 63. Re6 Rf3+ 64. Kb2 Bf5 65. Re7+ Kd8 66. f7 Bd3 67. Re8+ Kd7 68. f8=Q Rxf8 69. Rxf8 Be2 70. Rh8 Bxh5 71. Rxh6 Bf3 72. Bd2 g4 73. Rg6 Ke7 74. Kc3 Kf7 75. Rg5 Kf6 76. Kd4 Kf7 77. Ke3 Kf6 78. Kf2 Ke6 79. Kg3 Kf6 80. Bf4 Ke6 81. Ra5 Kf6 82.
Kh4 Kg6 83. Bg3 Be2 84. Re5 Bf3 85. Rg5+ Kf6 86. Rg8 Kf5 87. Rb8 Be2 88. Rb4 Bf3 89. Rf4+ Kg6 90. Rb4 Kf5 91. Rb2 Kg6 92. Ra2 Kf5 93.
Kh5 Bd1 94. Ra5+ Ke4 95. Bh4 Bf3 96. Ra3 g3+ 97. Kg5 g2 98. Bf2 Be2 99. Re3+ 1-0

[Event "*** Titled Tuesday Blitz"]
[Site "Chess.com"]
[Date "2020.12.01"]
[Round "11"]
[White "sokidze"]
[Black "Durarbayli"]
[Result "1/2-1/2"]
[WhiteElo "2535"]
[BlackElo "2752"]
[TimeControl "180+1"]
[EndTime "12:08:45 PST"]
[Termination "Game drawn by agreement"]

1. d4 Nf6 2. g3 d5 3. Nf3 Nbd7 4. Bg2 Nb6 5. O-O Bf5 6. Ne5 e6 7. c4 c6 8. Nd2 Be7 9. b3 O-O 10. Bb2 a5 11. a3 a4 12. b4 dxc4 13. Ndxc4 Nxc4 14. Nxc4 Be4 15. f3 Bg6 16. e4 Nd7 17. Qe2 Nb6 18. Ne3 Qd7 19. Rfd1 Rad8 20. Rac1 Bg5 21. f4 Bh6 22. Ng4 f6 23. Nxh6+ gxh6 24. Qe3 Nc8 25.
d5 exd5 26. exd5 Ne7 27. f5 Nxf5 28. Qf4 Kg7 29. h4 h5 30. Kh2 Nh6 31. Bh3 Ng4+ 32. Bxg4 Qxg4 33. Qxg4 hxg4 34. dxc6 Rxd1 35. Rxd1 bxc6 36.
Rd7+ Rf7 37. Rd6 Be4 38. Re6 Bf3 39. h5 Bd5 40. Rd6 Bf3 41. Kg1 Kh6 42. Rxf6+ Rxf6 43. Bxf6 Kxh5 44. Kf2 Kg6 45. Bb2 Kf5 46. Ke3 h5 47. Bc3 Bd5 48. Be1 Bc4 49. Kd4 Bb5 50. Ke3 Ke5 51.
Bc3+ Kd5 52. Bb2 Kc4 53. Kf4 Kb3 54. Bc1 Kc2 55. Be3 Kb2 56. Kg5 Kxa3 57. Kxh5 Be2 58.
Bc5 Kb3 59. Kg5 a3 60. Kf4 a2 61. Bd4 Kxb4 62. Ke3 c5 63. Ba1 Bf3 64. Kd2 Be4 65.
Ke3 Bf5 66. Kd2 Kb3 67. Be5 Be6 68. Ba1 Bd5 69. Be5 Bb7 70. Ba1 Ba6 71. Be5 Kc4 72.
Ba1 Bb7 73. Ke3 Bd5 74. Kd2 Be6 75. Ke3 Bf5 76. Kd2 Kb3 77. Be5 Bc8 78. Ba1 Kc4 79. Ke3 Kd5 80. Bb2 Ke6 81. Ba1 Kd6 82. Bb2 Kc6 83. Ba1 Kb5 84. Kd2 Kc4 85. Ke3 Bd7 86.
Kd2 Kb4 87. Be5 c4 88. Ba1 Kc5 89. Ke3 Bc8 90. Bc3 Kb5 91. Ba1 Kb4 92. Kd2 Kb3 93. Bc3 Bf5 94. Ba1 Bd3 95. Bc3 Ka3 96.
Ba1 Kb4 97. Bc3+ Kc5 98. Ba1 Kd6 99. Ke3 Ke6 100. Bc3 Kf7 101. Ba1 Kg6 102. Bc3 Kf5 103. Ba1 Ke6 104. Bc3 Kd5 105. Ba1 Kc5 106. Bc3 Kb5 107. Kd2 Ka4 108. Ba1 Ka3 109. Bc3 a1=Q 110. Bxa1 Ka2 111. Bc3 Be4 112. Bd4 Bf3 113. Bc3 1/2-1/2